 Dungeon Sprint DCSS version 0.30.1 (webtiles) character file.

Game seed: 513190720546658493

2984 Groucho the Fighter (level 9, -2/64 HPs)
             Began as a Gargoyle Gladiator on July 8, 2023.
             Was a Priest of Cheibriados.
             Slain by a boulder beetle (25 damage)
             ... in the Dungeon (Sprint IX: "|||||||||||||||||||||||||||||").
             The game lasted 00:02:46 (849 turns).

Groucho the Fighter (Gargoyle Gladiator)             Turns: 849, Time: 00:02:47

Health: -2/64      AC: 19    Str: 28    XL:     9   Next: 83%
Magic:  7/17       EV: 18    Int: 20    God:    Cheibriados [***...]
Gold:   0          SH:  0    Dex: 21    Spells: 8/8 levels left

rFire   . . .        n - +2 morningstar (protect)
rCold   . . .        (no shield)
rNeg    + . .        o - +1 scale mail
rPois   ∞            c - +0 helmet
rElec   +            a - +0 cloak
rCorr   .            (no gloves)
SInv    .            (no boots)
Will    .....        (no amulet) Stlth
                     b - +3 ring of strength
HPRegen 0.30/turn    p - +2 ring of evasion
MPRegen 0.15/turn

%: no teleportation
@: very slow
A: sickness immunity, AC +6, negative energy resistance 1, electricity
resistance, torment resistance 1, petrification resistance
a: Renounce Religion, Bend Time, Temporal Distortion


You were in the Dungeon.
You worshipped Cheibriados.
Cheibriados was most pleased with you.
You visited 1 branch

Inventory:

Hand Weapons
 m - a +2 halberd of protection
 n - a +2 morningstar of protection (weapon)
Missiles
 d - 3 throwing nets (quivered)
 e - a javelin
Armour
 a - a +0 cloak (worn)
 c - a +0 helmet (worn)
 o - a +1 scale mail (worn)
Jewellery
 b - a +3 ring of strength (left hand)
 p - a +2 ring of evasion (right hand)
Wands
 l - a wand of roots (10)
Scrolls
 j - 2 scrolls of amnesia
 k - 2 scrolls of blinking
Potions
 f - 2 potions of curing
 i - 4 potions of magic


   Skills:
 + Level 11.2 Fighting
 + Level 10.5 Maces & Flails
 - Level 1.7 Throwing
 + Level 10.9 Armour
 + Level 8.9 Dodging
 + Level 10.9 Invocations


You had 8 spell levels left.
You didn't know any spells.
Your spell library was empty.

Dungeon Overview and Level Annotations

Branches:
Dungeon (1/1)

Altars:
Cheibriados
Dithmenos
Elyvilon
Fedhas
Gozag
Hepliaklqana
Kikubaaqudgha
Makhleb
Nemelex Xobeh
Okawaru
Qazlal
Ru
Sif Muna
Trog
Uskayaw
Vehumet
Wu Jian
Xom
Yredelemnul
Zin
The Shining One
Jiyva
Lugonu


Innate Abilities, Weirdness & Mutations

You are immune to sickness and miasma.
Your stone body is resilient. (AC +6)
You are immune to poison.
You resist negative energy. (rN+)
You are resistant to electric shocks. (rElec)
You are resistant to unholy torment.
You are immune to petrification.


Message History

Your Fighting skill increases to level 11!
Unknown command.
You closely miss something. Something barely misses you.
You sock something! Something closely misses you.
Unknown command.
You puncture something! Something hits you but does no damage.
Something barely misses you.
The boulder beetle leaps!
Unknown command.
Activating: Slouch (1% risk of failure)
Press: ? - help, Dir - look around, f - activate You can feel time thicken for a moment.
Cheibriados thoroughly appreciates the change of pace.
Cheibriados raises the support of your attributes as your movement slows.
Reactivating autopickup.
You feel a bit more experienced.
Cheibriados lowers the support of your attributes as your movement quickens.
Unknown command.
Unknown command.
Unknown command.
Activating: Slouch (1% risk of failure)
Press: ? - help, Dir - look around, f - activate You can feel time thicken for a moment.
You can no longer inflict damage on those overly hasty.
Cheibriados lowers the support of your attributes as your movement quickens.
Unknown command.
Unknown command.
Okay, then.
Unknown command.
Unknown command.
Unknown command.
Unknown command.
The boulder beetle leaps!
Items here: ( ) ††.
You close the door.
As you open the door, it creaks loudly!
The boulder beetle curls into a ball and begins rolling!
Okay, then.
Unknown command.
The boulder beetle hits you!!
You die...

▓+▓
▓.▓
▓.▓
▓○▓
▓○▓
▓○▓
▓B▓
▓@▓
▓.▓
▓.▓
▓.▓
▓.▓
▓.▓
▓.▓
▓)▓
▓.▓


You could see a boulder beetle (rolling).

Vanquished Creatures
  A centaur warrior (D)
  A two-headed ogre (D)
  2 cyclopes (D)
  An unseen horror (D)
  A troll (D)
  A yak (D)
  A wyvern (D)
  A vampire mosquito (D)
  An acid dragon (D)
  A black bear (D)
  A wight (D)
  A howler monkey (D)
  An iguana (D)
  2 adders (D)
  A hobgoblin (D)
  A bat (D)
  2 frilled lizards (D)
  A rat (D)
21 creatures vanquished.

Notes
Turn   | Place    | Note
-------+----------+-------------------------------------------
     0 | D        | Groucho the Gargoyle Gladiator began the quest for the Orb.
     0 | D        | Reached XP level 1. HP: 12/12 MP: 1/1
    11 | D        | Reached skill level 1 in Armour
    11 | D        | Reached skill level 1 in Invocations
    38 | D        | Noticed an iguana
    38 | D        | Noticed a black bear
    38 | D        | Noticed a howler monkey
    50 | D        | Reached skill level 3 in Fighting
    50 | D        | Reached XP level 2. HP: 15/19 MP: 1/3
    55 | D        | Killed a howler monkey
    56 | D        | Reached skill level 4 in Fighting
    56 | D        | Reached XP level 3. HP: 17/24 MP: 1/5
    76 | D        | Killed a black bear
    77 | D        | Reached skill level 5 in Fighting
    77 | D        | Reached skill level 5 in Maces & Flails
    77 | D        | Reached XP level 4. HP: 23/31 MP: 2/7
    77 | D        | Reached XP level 5. HP: 26/35 MP: 2/8
    83 | D        | Reached skill level 5 in Armour
    83 | D        | Reached skill level 5 in Invocations
   351 | D        | Found a snail-covered altar of Cheibriados.
   351 | D        | Found a shadowy altar of Dithmenos.
   351 | D        | Found a white marble altar of Elyvilon.
   351 | D        | Found a blossoming altar of Fedhas.
   351 | D        | Found an opulent altar of Gozag.
   352 | D        | Found a hazy altar of Hepliaklqana.
   353 | D        | Found a viscous altar of Jiyva.
   354 | D        | Found an ancient bone altar of Kikubaaqudgha.
   355 | D        | Became a worshipper of Cheibriados the Contemplative
   356 | D        | Found a corrupted altar of Lugonu.
   357 | D        | Found a burning altar of Makhleb.
   358 | D        | Found a sparkling altar of Nemelex Xobeh.
   359 | D        | Found an iron altar of Okawaru.
   360 | D        | Found a stormy altar of Qazlal.
   361 | D        | Found a sacrificial altar of Ru.
   362 | D        | Found a shimmering blue altar of Sif Muna.
   363 | D        | Found a bloodstained altar of Trog.
   364 | D        | Found a hide-covered altar of Uskayaw.
   365 | D        | Found a radiant altar of Vehumet.
   366 | D        | Found an ornate altar of the Wu Jian Council.
   367 | D        | Found a shimmering altar of Xom.
   368 | D        | Found a basalt altar of Yredelemnul.
   369 | D        | Found a glowing silver altar of Zin.
   370 | D        | Found a glowing golden altar of the Shining One.
   417 | D        | Noticed a wyvern
   417 | D        | Noticed a troll
   417 | D        | Noticed an acid dragon
   417 | D        | Noticed a yak
   417 | D        | Noticed a two-headed ogre
   431 | D        | Killed a two-headed ogre
   432 | D        | Reached skill level 8 in Fighting
   432 | D        | Reached XP level 6. HP: 13/45 MP: 8/12
   432 | D        | Reached XP level 7. HP: 15/50 MP: 8/13
   437 | D        | Killed a yak
   438 | D        | Reached XP level 8. HP: 41/55 MP: 8/14
   441 | D        | Reached * piety under Cheibriados
   448 | D        | Killed a troll
   448 | D        | Reached ** piety under Cheibriados
   449 | D        | Reached skill level 9 in Fighting
   454 | D        | Killed a wyvern
   817 | D        | Noticed a boulder beetle
   817 | D        | Noticed a cyclops
   817 | D        | Noticed a cyclops
   817 | D        | Noticed a centaur warrior
   819 | D        | Reached *** piety under Cheibriados
   824 | D        | Killed a centaur warrior
   825 | D        | Reached skill level 10 in Fighting
   825 | D        | Reached skill level 10 in Armour
   825 | D        | Reached skill level 10 in Invocations
   825 | D        | Reached XP level 9. HP: 38/62 MP: 14/16
   829 | D        | Killed a cyclops
   829 | D        | Reached **** piety under Cheibriados
   830 | D        | Reached skill level 10 in Maces & Flails
   832 | D        | HP: 3/63 [cyclops (23)]
   840 | D        | Killed a cyclops
   841 | D        | Reached skill level 11 in Fighting
   844 | D        | Killed an unseen horror
   849 | D        | Slain by a boulder beetle

Illustrated notes

Levels and vault maps discovered:
D:        linesprint [early_d, line_temple, items_1, d_10, items_2, lair_1,
          lair_end, items_3, orc_1, orc_end, items_4, d_15, swamp_1, shoals_1,
          snake_1, spider_1, d_20, vaults_1, items_5, swamp_end, shoals_end,
          snake_end, spider_end, vaults_end, d_27, items_6, zot_1, zot_end,
          crypt_end, forest_end, elf_end, slime_end, tomb_end, abyss_end,
          pan_hell_end]

Skill      XL: |  1  2  3  4  5  6  7  8  9 |
---------------+----------------------------+-----
Armour         | 1 3 4 8 10 | 10.9
Invocations    | 1 3 4 8 10 | 10.9
Fighting       | 3 4 5 8 10 11 | 11.2
Dodging        | 3 4 6 8 |  8.9
Maces & Flails | 4 5 8 9 10 | 10.5
Throwing       | |  1.7

Action                     |  1- 3 |  4- 6 |  7- 9 || total
---------------------------+-------+-------+-------++-------
  Melee: Flail             |    60 |     6 |       ||    66
         Morningstar       |       |    12 |    47 ||    59
 Invoke: Slouch            |       |       |     2 ||     2
    Use: Potion            |     3 |     2 |     4 ||     9
   Stab: Invisible         |       |     3 |     4 ||     7
 Armour: Leather armour    |    28 |       |       ||    28
         Scale mail        |       |       |    25 ||    25
  Dodge: Dodged            |    44 |    17 |    43 ||   104
